 Dungeon Crawl Stone Soup version 0.29-a0-870-g2c972031a6 (webtiles) character file.

Game seed: 817909181222884687

139 mathmaestro the Grave Robber (level 5, 38/38 HPs)
             Began as a Demonspawn Necromancer on July 17, 2022.
             Quit the game on level 4 of the Dungeon.
             The game lasted 00:05:38 (3281 turns).

mathmaestro the Grave Robber (DsNe)                 Turns: 3281, Time: 00:05:38

Health: 38/38      AC:  4    Str:  8    XL:     5   Next: 1%
Magic:  5/9        EV: 11    Int: 18    God:
Gold:   166        SH:  0    Dex: 14    Spells: 1/9 levels left

rFire   + . .      SeeInvis .   s - +0 sling (vorpal)
rCold   . . .      Faith    +   (no shield)
rNeg    . . .      Spirit   .   e - +0 leather armour
rPois   .          Reflect  .   m - +0 helmet
rElec   .          Harm     .   (no cloak)
rCorr   .          Rampage  .   (no gloves)
Will    .....                   (no boots)
Stlth   ++........              q - amulet of faith
HPRegen 0.12/turn               l - ring of protection from fire
MPRegen 0.22/turn               (no ring)

@: no status effects
A: spiny 1, magic regeneration, sanguine armour 1
a: no special abilities


You were on level 4 of the Dungeon.
You visited 1 branch of the dungeon, and saw 4 of its levels.

You collected 166 gold pieces.

Inventory:

Hand Weapons
 d - a +0 hand axe
 s - a +0 vorpal sling (weapon)
Armour
 e - a +0 leather armour (worn)
 m - a +0 helmet (worn)
Jewellery
 l - a ring of protection from fire (left hand)
 q - an amulet of faith (around neck)
Scrolls
 c - a scroll of blinking {unknown}
 g - a scroll of brand weapon {unknown}
 h - a scroll of poison {unknown}
 n - a scroll of magic mapping {unknown}
 o - a scroll of acquirement {unknown}
 p - 5 scrolls of identify {unknown}
 r - a scroll of fog {unknown}
 t - a scroll of amnesia {unknown}
 u - a scroll of teleportation {unknown}
 w - a scroll of vulnerability {unknown}
 x - a scroll of enchant armour {unknown}
Potions
 a - 3 potions of berserk rage {unknown}
 b - a potion of magic
 f - 3 potions of curing {unknown}
 i - a potion of mutation {unknown}
 j - 2 potions of invisibility {unknown}
 k - a potion of brilliance {unknown}
 v - 2 potions of might {unknown}


   Skills:
 + Level 2.0 Fighting
 + Level 1.7 Armour
 - Level 2.0 Dodging
 - Level 2.0 Stealth
 + Level 2.9 Spellcasting
 + Level 5.1 Necromancy


You had one spell level left.
You knew the following spells:

 Your Spells              Type           Power      Damage    Failure   Level
a - Necrotise             Necr           84%        1d8       2%          1
b - Vampiric Draining     Necr           21%        2d7       9%          3
c - Animate Dead          Necr           21%        N/A       28%         4

Your spell library contained the following spells:

 Spells                   Type           Power      Damage    Failure   Level
 Agony                    Necr           21%        N/A       61%         5


Dungeon Overview and Level Annotations

Branches:
Dungeon (4/15)
 Temple: D:4-7

Altars:
Gozag
Nemelex Xobeh
Yredelemnul

Shops:
D:3 =


Innate Abilities, Weirdness & Mutations

You are partially covered in sharp spines.
You regenerate magic rapidly.
When seriously injured, your blood forms armour. (AC +0)


Message History

Things that are here:
a +0 whip; a +0 leather armour; a +0 hand axe
Things that are here:
a +0 club; a goblin corpse You start resting.
HP restored.
Your orc skeleton crumbles into dust!
Found a stone staircase leading up.
Found a short glowing staff.
Found a stone staircase leading up.
There is a stone staircase leading up here.
You climb upwards.
There is a stone staircase leading down here.
You climb downwards.
There is a stone staircase leading up here.
A gnoll comes into view. It is wielding a +0 club.
A gnoll comes into view. It is wielding a +0 whip.
Casting: Necrotise (safe; 3% risk of failure)
Confirm with . or Enter, or press ? or * to list all spells.
Aiming: Necrotise (safe; 3% risk of failure)
Press: ? - help, Shift-Dir - straight line, f - gnoll
Aim: a gnoll, wielding a +0 club (chance to affect: 84%)
The gnoll writhes in agony.
Casting: Necrotise (safe; 3% risk of failure)
Confirm with . or Enter, or press ? or * to list all spells.
Aiming: Necrotise (safe; 3% risk of failure)
Press: ? - help, Shift-Dir - straight line, f/p - gnoll
Aim: a gnoll, wielding a +0 club (heavily wounded, chance to affect: 84%)
The gnoll writhes in agony.
Casting: Necrotise (safe; 3% risk of failure)
Confirm with . or Enter, or press ? or * to list all spells.
Aiming: Necrotise (safe; 3% risk of failure)
Press: ? - help, Shift-Dir - straight line, f/p - gnoll
Aim: a gnoll, wielding a +0 club (almost dead, chance to affect: 84%)
The gnoll writhes in agony.
You kill the gnoll!
The dead are walking!
You have reached level 5!
Your demonic ancestry asserts itself...
Sharp spines emerge from parts of your body.
Are you sure you want to abandon this character and quit the game? (Confirm with "yes".)

##.##.. ##...#. ..
...<. #.# .|. #.# #.#
#.# #.# #.# #.# #.#
#)# #.# ###
.######.###@# #.# #..
..........Z.# #.# #.##
######.##### #.# #.##
#.# #.# #.## #.# #.#
#)## #.#
#######.######)##
#.####..............).
#......#####.######)##
######## #.######.##


You could see a friendly gnoll skeleton.

Vanquished Creatures
  A jelly (D:4)
  A gnoll (D:4)
  5 adders
  2 worms (D:3)
  2 dart slugs (D:4)
  5 orcs
  2 ball pythons (D:3)
  2 endoplasms (D:3)
  A giant cockroach (D:2)
  3 goblins
  2 jackals (D:1)
  3 quokkas
  5 bats
  3 frilled lizards
  2 kobolds
  5 rats
44 creatures vanquished.

Vanquished Creatures (collateral kills)
  An orc (D:4)
  A goblin (D:4)
2 creatures vanquished.

Grand Total: 46 creatures vanquished

Notes
Turn   | Place    | Note
-------+----------+-------------------------------------------
     0 | D:1      | mathmaestro the Demonspawn Necromancer began the quest for
                  | the Orb.
     0 | D:1      | Reached XP level 1. HP: 13/13 MP: 3/3
   142 | D:1      | Found a faded altar of an unknown god.
   633 | D:1      | Gained mutation: When seriously injured, your blood forms
                  | armour. (AC +0) [demonic ancestry]
   633 | D:1      | Reached XP level 2. HP: 12/20 MP: 1/5
  1052 | D:2      | Found a sparkling altar of Nemelex Xobeh.
  1485 | D:2      | Reached skill level 1 in Fighting
  1674 | D:3      | Reached XP level 3. HP: 26/26 MP: 0/6
  2197 | D:3      | Found Leumav's Jewellery Shoppe.
  2245 | D:3      | Found an opulent altar of Gozag.
  2274 | D:3      | Reached skill level 1 in Armour
  2852 | D:3      | Found a basalt altar of Yredelemnul.
  2854 | D:3      | Found a sparkling altar of Nemelex Xobeh.
  2940 | D:4      | Gained mutation: You regenerate magic rapidly. [demonic
                  | ancestry]
  2940 | D:4      | Reached XP level 4. HP: 32/32 MP: 2/7
  2944 | D:4      | Learned a level 3 spell: Vampiric Draining
  2949 | D:4      | Learned a level 4 spell: Animate Dead
  3064 | D:4      | Reached skill level 5 in Necromancy
  3281 | D:4      | Gained mutation: You are partially covered in sharp spines.
                  | [demonic ancestry]
  3281 | D:4      | Reached XP level 5. HP: 38/38 MP: 5/9
  3281 | D:4      | Quit the game

Illustrated notes

Levels and vault maps discovered:
D:1:      heliophobic_arrival_henge, layout_basic,
          hellmonk_ecumenical_altar_pennies_from_heaven
D:2:      layout_basic, basic_altar
D:3:      layout_loops_ring, nicolae_overflow_hidden_temple, serial_shops, shop
D:4:      layout_loops_ring, slow_altar_1, serial_shops, nicolae_shop_crystal

Skill      XL: |  1  2  3  4 |
---------------+-------------+-----
Dodging        | 2 |  2.0
Stealth        | 2 |  2.0
Fighting       | 1 2 |  2.0
Armour         | 1 |  1.7
Necromancy     | 5 |  5.1
Spellcasting   | |  2.9

Action                   |  1- 3 |  4- 6 || total
-------------------------+-------+-------++-------
Melee: Hand axe          |    17 |       ||    17
 Fire: Sling             |    20 |     5 ||    25
 Cast: Necrotise         |    52 |    25 ||    77
Armor: Leather armour    |    11 |     5 ||    16
Dodge: Dodged            |    18 |     1 ||    19

Table legend: (Time is in decaauts)
 A = Elapsed time spent in this place.
 B = Non-inter-level travel time spent in this place.
 C = Inter-level travel time spent in this place.
 D = Time resting spent in this place.
 E = Time spent auto-exploring this place.
 F = Levels seen in this place.
 G = Mean time per level.
                   A        B        C        D        E       F      G
               +--------+--------+--------+--------+--------+-----+--------+
         Total |   3296 |   3250 |     46 |    411 |   2426 |   4 |  824.0 |
       Dungeon |   3296 |   3250 |     46 |    411 |   2426 |   4 |  824.0 |
               +--------+--------+--------+--------+--------+-----+--------+

Top non-repeatable levels by time:
     D:3: 1260 daAuts
     D:1: 1048 daAuts
     D:2: 615 daAuts
     D:4: 371 daAuts
